 Dungeon Crawl Stone Soup version 0.28-a0-938-gbc3f381ebc (webtiles) character file.

Game seed: 8580150292348609691

132 enile the Conjurer (level 5, -5/33 HPs)
             Began as an Octopode Conjurer on Nov 29, 2021.
             Was a Believer of the Shining One.
             Slain by an orc (8 damage)
             ... on level 3 of the Dungeon.
             The game lasted 00:08:43 (2980 turns).

enile the Conjurer (Octopode Conjurer)              Turns: 2980, Time: 00:08:43

Health: -5/33      AC:  1    Str:  6    XL:     5   Next: 15%
Magic:  3/18       EV: 13    Int: 26    God:    the Shining One [**....]
Gold:   482        SH:  0    Dex: 10    Spells: 4/10 levels left

rFire   . . .      SeeInvis .   f - +0 dagger
rCold   . . .      Faith    .   (no shield)
rNeg    + . .      Spirit   .   (helmet restricted)
rPois   .          Reflect  .   (no amulet)
rElec   .          Harm     .   c - ring of Dyudweo {MP+9 Int+4 Slay+4}
rCorr   .          Rampage  .   (no ring)
Will    .....                   (no ring)
Stlth   +.........              (no ring)
HPRegen 0.11/turn               (no ring)
MPRegen 0.16/turn               (no ring)
                                (no ring)
                                (no ring)

@: very slightly contaminated, glowing
A: almost no armour, amphibious, 8 rings, camouflage 1, gelatinous body 1,
(nimble swimmer 1), tentacles
a: Renounce Religion, Divine Shield


You were on level 3 of the Dungeon.
You worshipped the Shining One.
The Shining One was pleased with you.
You visited 1 branch of the dungeon, and saw 3 of its levels.

You collected 713 gold pieces.
You spent 231 gold pieces at shops.

Inventory:

Hand Weapons
 f - a +0 dagger (weapon)
Magical Staves
 j - a staff of poison
Jewellery
 c - the ring of Dyudweo (left tentacle) {MP+9 Int+4 Slay+4}
   (You acquired it on level 3 of the Dungeon)

   [ring of slaying]

   Int:       It affects your intelligence (+4).
   Slay:      It affects your accuracy & damage with ranged weapons and melee
   (+4).
   MP:        It affects your magic capacity (+9).
Scrolls
 b - 2 scrolls of amnesia {unknown}
 e - a scroll of fear {unknown}
 m - a scroll of identify {unknown}
Potions
 a - 2 potions of might
 d - a potion of cancellation {unknown}
 g - a potion of flight
 h - 2 potions of mutation {unknown}
 i - 2 potions of degeneration {unknown}
 k - a potion of curing {unknown}
 l - a potion of brilliance


   Skills:
 - Level 1.0 Fighting
 - Level 0.2 Short Blades
 - Level 1.0 Staves
 - Level 2.0 Dodging
 - Level 2.6 Stealth
 - Level 3.0 Spellcasting
 - Level 5.0 Conjurations
 + Level 1.7 Hexes


You had 4 spell levels left.
You knew the following spells:

 Your Spells              Type           Power      Damage    Failure   Level
a - Magic Dart            Conj           100%       1d8       1%          1
b - Searing Ray           Conj           58%        2d6       1%          2
c - Dazzling Flash        Conj/Hex       42%        N/A       7%          3

Your spell library contained the following spells:

 Spells                   Type           Power      Damage    Failure   Level
 Animate Skeleton         Necr           6%         N/A       10%         1
 Pain                     Necr           12%        1d4       10%         1
 Fulminant Prism          Conj/Hex       10%        3d9       24%         4
 Vampiric Draining        Necr           3%         2d6       28%         3
 Iskenderun's Mystic Bla  Conj/Tloc      16%        2d5       32%         4
 Animate Dead             Necr           1%         N/A       67%         4
 Borgnjor's Vile Clutch   Necr/Erth      1%         N/A       95%         5
 Death Channel            Necr           1%         N/A       100%        6


Dungeon Overview and Level Annotations

Branches:
Dungeon (3/15)

Altars:
The Shining One

Shops:
D:1 :   D:3 *


Innate Abilities, Weirdness & Mutations

You cannot wear most types of armour.
You are amphibious.
You can wear up to eight rings at the same time.
Your skin changes colour to match your surroundings (Stealth+).
Your rubbery body absorbs attacks. (AC +1, EV +1)
((You are camouflaged near water. (Stealth+)))
You have tentacles for arms and can constrict up to eight enemies at once.


Message History

The orc wizard is severely wounded. (Press . to maintain the ray.)
Casting: Searing Ray (safe; 1% risk of failure)
Confirm with . or Enter, or press ? or * to list all spells.
Restarting spell: Searing Ray (safe; 1% risk of failure)
Press: ? - help, Shift-Dir - straight line, f/p - orc wizard
Aim: an orc wizard, wielding a +0 dagger and wearing a +0 robe (severely wounded, slightly transparent, haloed, 81% to hit)
The searing ray hits the orc wizard.
The orc wizard is almost dead. (Press . to maintain the ray.)
The orc wizard points at you and mumbles some strange words.
The magic dart hits you!
* * * LOW HITPOINT WARNING * * *
Casting: Searing Ray (safe; 1% risk of failure)
Confirm with . or Enter, or press ? or * to list all spells.
Restarting spell: Searing Ray (safe; 1% risk of failure)
Press: ? - help, Shift-Dir - straight line, f/p - orc wizard
Aim: an orc wizard, wielding a +0 dagger and wearing a +0 robe (almost dead, slightly transparent, haloed, 81% to hit)
The searing ray hits the orc wizard.
You kill the orc wizard!
Reactivating autopickup. (Press . to maintain the ray.)
Your Hexes skill increases to level 1!
You have reached level 5!
You feel clever.
Casting: Searing Ray (safe; 1% risk of failure)
Confirm with . or Enter, or press ? or * to list all spells.
Restarting spell: Searing Ray (safe; 1% risk of failure)
Press: ? - help, Shift-Dir - straight line, f - orc
Aim: an orc, wielding a +0 flail (haloed, 85% to hit)
You miscast Searing Ray.
You are very lightly contaminated with residual magic.
Nothing appears to happen.
The orc hits you with a +0 flail.
* * * LOW HITPOINT WARNING * * *
Casting: Searing Ray (safe; 1% risk of failure)
Confirm with . or Enter, or press ? or * to list all spells.
Casting: Dazzling Flash (quite dangerous; 7% risk of failure)
Press: ? - help, Dir - look around, f - activate The orc is dazzled.
The orc hits you with a +0 flail!
You die...

########## ....)o)..#
########.# #o#
########@## ..........#
#######
########..#########......
###.................
#....#########.#####
#.#### ####.#....
######.# #....†...#
#......# #.##.#>..#
#.###..####### #†##......


You could see an orc (blind).

Vanquished Creatures
  An orc wizard (D:3)
  Robin (D:2)
  2 adders (D:3)
  2 worms
  3 orcs (D:3)
  3 endoplasms
  4 giant cockroaches
  14 goblins
  9 hobgoblins
  A jackal (D:2)
  A quokka (D:2)
  7 ball pythons
  4 bats
  A frilled lizard (D:1)
  5 kobolds
  9 rats
67 creatures vanquished.

Notes
Turn   | Place    | Note
-------+----------+-------------------------------------------
     0 | D:1      | enile the Octopode Conjurer began the quest for the Orb.
     0 | D:1      | Reached XP level 1. HP: 11/11 MP: 3/3
    30 | D:1      | Found a faded altar of an unknown god.
    46 | D:1      | Prayed at the altar of an unknown god.
    46 | D:1      | Became a worshipper of the Shining One
    46 | D:1      | Reached * piety under the Shining One
   126 | D:1      | Reached skill level 1 in Fighting
   223 | D:1      | Reached XP level 2. HP: 12/18 MP: 3/5
   349 | D:1      | Learned a level 2 spell: Searing Ray
   798 | D:1      | Found Ynamm's Book Boutique.
  1140 | D:2      | Reached XP level 3. HP: 23/23 MP: 1/7
  1318 | D:2      | Noticed Robin
  1377 | D:2      | Killed Robin
  1701 | D:2      | Learned a level 3 spell: Dazzling Flash
  1831 | D:2      | Reached XP level 4. HP: 28/28 MP: 5/8
  1980 | D:2      | Reached ** piety under the Shining One
  2431 | D:3      | Reached skill level 5 in Conjurations
  2520 | D:3      | Found Ikyo's Assorted Antiques.
  2525 | D:3      | Bought a scroll labelled HOAHIU BY JUCE for 24 gold pieces
  2525 | D:3      | Bought a scroll labelled GAUS CIZEFF for 24 gold pieces
  2525 | D:3      | Bought a scroll labelled HOAHIU BY JUCE for 24 gold pieces
  2525 | D:3      | Bought a bubbling white potion for 21 gold pieces
  2525 | D:3      | Acquired a staff of poison
  2527 | D:3      | Acquired 588 gold pieces
  2529 | D:3      | Acquired the ring of Dyudweo {MP+9 Int+4 Slay+4}
  2534 | D:3      | Bought a grey potion for 21 gold pieces
  2534 | D:3      | Bought a bubbling white potion for 21 gold pieces
  2534 | D:3      | Bought a potion of might for 96 gold pieces
  2844 | D:3      | Reached skill level 1 in Staves
  2979 | D:3      | Reached skill level 1 in Hexes
  2979 | D:3      | Reached XP level 5. HP: 5/33 MP: 7/9
  2980 | D:3      | Slain by an orc

Illustrated notes

Levels and vault maps discovered:
D:1:      minmay_arrival_three_doors, layout_basic, serial_shops,
          nicolae_shop_advertising_works [nicolae_subvault_shop_adworks],
          hellmonk_ecumenical_altar_lost_god
D:2:      layout_rooms, minmay_pentomino_z2, uniq_robin
D:3:      layout_loops_ring, serial_shops, nicolae_shop_hallway_plus

Skill      XL: |  1  2  3  4 |
---------------+-------------+-----
Fighting       | 1 |  1.0
Spellcasting   | 3 |  3.0
Conjurations   | 5 |  5.0
Staves         | 1 |  1.0
Hexes          | 1 |  1.7
Short Blades   | |  0.2
Dodging        | |  2.0
Stealth        | |  2.6

Action                   |  1- 3 |  4- 6 || total
-------------------------+-------+-------++-------
Melee: Unarmed           |     5 |       ||     5
       Constrict         |     9 |     1 ||    10
       Tentacles         |     2 |     2 ||     4
       Dagger            |    21 |    16 ||    37
 Cast: Magic Dart        |    46 |    31 ||    77
       Searing Ray       |    10 |    13 ||    23
       Dazzling Flash    |       |     1 ||     1
  Use: Potion            |     4 |       ||     4
       Scroll            |       |     3 ||     3
Armor: Skin              |     3 |     1 ||     4
Dodge: Dodged            |    32 |     9 ||    41

Table legend: (Time is in decaauts)
 A = Elapsed time spent in this place.
 B = Non-inter-level travel time spent in this place.
 C = Inter-level travel time spent in this place.
 D = Time resting spent in this place.
 E = Time spent auto-exploring this place.
 F = Levels seen in this place.
 G = Mean time per level.
                   A        B        C        D        E       F      G
               +--------+--------+--------+--------+--------+-----+--------+
         Total |   2978 |   2955 |     23 |      0 |   2577 |   3 |  992.7 |
       Dungeon |   2978 |   2955 |     23 |      0 |   2577 |   3 |  992.7 |
               +--------+--------+--------+--------+--------+-----+--------+

Top non-repeatable levels by time:
     D:2: 1175 daAuts
     D:1: 1125 daAuts
     D:3: 677 daAuts
